AoeStats
← tavoo

Arabia

507807233Analyzed
1v1 RM · 14d ago on Sep 19, 2026· 31m 47s· 2 players
Game mode
Random Map
Map size
Tiny (2 player)
Population
200
Speed
Normal
Resources
Standard
Victory
Conquest
Starting age
Dark Age
Ending age
Imperial Age
RankedLock teamsTeams togetherTeam positionsShared explorationLock speedFull tech treeHidden civsTurbo modeCheats
Victory
Defeat
🇨🇴 Bohemians · Colombia
1382
+18
🇲🇽 Aztecs · Mexico
1419
-18
CLB_Senafok
4:43 Loom
17:35 Feudal Age
22:32 Castle Age
22:06 Town Watch
22:34 Crossbowman
23:17 Town Watch
23:22 Double-Bit Axe
24:22 Padded Archer Armor
26:22 Fletching
27:36 Leather Archer Armor
28:31 Bodkin Arrow
32:45 Chemistry
32:06 Ballistics
32:50 Wheelbarrow
tavoo
5:21 Loom
11:28 Feudal Age
18:28 Double-Bit Axe
19:20 Padded Archer Armor
19:11 Fletching
25:04 Castle Age
25:12 Crossbowman
27:17 Eagle Warrior
28:16 Scale Mail Armor
29:01 Squires
Connection lost

Rejoining the realm…

Still unreachable

The connection could not be restored.

Session expired

The server has moved on; the page needs a fresh start.